 Dungeon Crawl Stone Soup version 0.24.0-13-gcf9b3192b9 (webtiles) character file.

Game seed: 2669608198020638661, levelgen mode: deterministic

96536 Matador8 the Impaler (level 15, -5/126 HPs)
             Began as a Pale Draconian Skald on Nov 9, 2019.
             Was an Elder of Zin.
             Slain by an alligator (18 damage)
             ... on level 2 of the Swamp.
             The game lasted 05:25:24 (42337 turns).

Matador8 the Impaler (Pale Draconian Skald)        Turns: 42337, Time: 05:25:24

Health: -5/126     AC: 18    Str: 17    XL:     15   Next: 69%
Magic:  23/23      EV: 22    Int: 21    God:    Zin [****..]
Gold:   1341       SH:  3    Dex: 17    Spells: 10/20 levels left

rFire    . . .     SeeInvis .   a - +1 halberd (flame)
rCold    . . .     Gourm    .   (shield currently unavailable)
rNeg     + . .     Faith    .   (armour unavailable)
rPois    ∞         Spirit   .   (helmet restricted)
rElec    .         Reflect  +   E - +2 ratskin cloak {+Rats rPois rN+ Str-1 Int-1 Dex+1}
rCorr    .         Harm     .   u - +2 pair of gloves
MR       +....                  M - +2 pair of boots {run}
Stlth    ++++......             R - +3 amulet of reflection
HPRegen  0.31/turn              q - +4 ring of evasion
MPRegen  0.18/turn              Q - ring of stealth

@: vitalised, short of breath, very slightly contaminated, hasted, very quick
A: breathe steam, unfitting armour, cold-blooded, AC +9
a: Breathe Steam, Recite, Vitalisation, Imprison, Donate Gold, Renounce
Religion, Evoke Ratskin


You were on level 2 of the Swamp.
You worshipped Zin.
Zin was greatly pleased with you.
You were hungry.

You visited 5 branches of the dungeon, and saw 26 of its levels.

You collected 2279 gold pieces.
You spent 567 gold pieces at shops.
You donated 371 gold pieces to Zin.

Inventory:

Hand Weapons
 a - a +1 halberd of flaming (weapon)
 b - a +2 antimagic halberd
 l - a +0 dagger of electrocution
 s - a +0 glaive
 C - a +2 longbow of flaming
Missiles
 h - 8 silver javelins (quivered)
Armour
 u - a +2 pair of gloves (worn)
 E - the +2 ratskin cloak (worn) {+Rats rPois rN+ Str-1 Int-1 Dex+1}
   (You found it on level 6 of the Dungeon)

   It affects your strength (-1).
   It affects your intelligence (-1).
   It affects your dexterity (+1).
   It protects you from poison.
   It protects you from negative energy.
 M - a +2 pair of boots of running (worn)
Jewellery
 q - a +4 ring of evasion (left hand)
 Q - a ring of stealth (right hand)
 R - a +3 amulet of reflection (around neck)
Wands
 m - a wand of digging (4)
 F - a wand of disintegration (7)
 K - a wand of paralysis (18)
 L - a wand of flame (29)
Scrolls
 d - 3 scrolls of teleportation
 j - 15 scrolls of remove curse
 k - a scroll of amnesia
 o - 3 scrolls of enchant weapon
 p - a scroll of fear
 r - a scroll of holy word {unknown}
 x - 3 scrolls of enchant armour
 z - a scroll of magic mapping
 D - 3 scrolls of immolation
 N - 7 scrolls of identify
 P - 2 scrolls of vulnerability {unknown}
Potions
 g - 2 potions of curing
 i - a potion of cancellation
 B - 2 potions of might
 G - 2 potions of brilliance
 H - 5 potions of magic
 J - 4 potions of flight
Miscellaneous
 v - a fan of gales
 I - a crystal ball of energy
Comestibles
 c - 19 rations
 t - 3 chunks of flesh


   Skills:
 - Level 10.0 Fighting
 - Level 16.0 Polearms
 + Level 8.0 Dodging
 - Level 3.6 Stealth
 - Level 3.0 Spellcasting
 - Level 9.2 Conjurations
 - Level 5.0 Hexes
 - Level 7.8 Charms
   Level 3.1 Necromancy
 - Level 10.0 Fire Magic
 + Level 10.7 Invocations
 - Level 5.0 Evocations


You had 10 spell levels left.
You knew the following spells:

 Your Spells              Type           Power        Failure   Level  Hunger
a - Infusion              Chrm           ####         1%          1    None
b - Fireball              Conj/Fire      #####.....   7%          5    ######.
c - Spectral Weapon       Hex/Chrm       ####....     2%          3    ###....
d - Confusing Touch       Hex            ###...       1%          1    None

Your spell library contained the following spells:

 Spells                   Type           Power        Failure   Level  Hunger
 Flame Tongue             Conj/Fire      #####        1%          1    None
 Song of Slaying          Chrm           #####...     1%          2    ##.....
 Inner Flame              Hex/Fire       ####....     1%          3    ###....
 Animate Skeleton         Necr           N/A          3%          1    None
 Pain                     Necr           ###.         3%          1    None
 Shroud of Golubria       Chrm/Tloc      ###...       4%          2    ##.....
 Swiftness                Chrm/Air       ###.....     4%          2    ##.....
 Regeneration             Chrm/Necr      ####......   4%          3    ###....
 Vampiric Draining        Necr           ###.......   11%         3    ###....
 Apportation              Tloc           #.....       13%         1    None
 Summon Small Mammal      Summ           #...         13%         1    None
 Portal Projectile        Hex/Tloc       ##....       14%         3    ###....
 Cause Fear               Hex            ###.......   17%         4    ####...
 Passwall                 Tmut/Erth      #.......     21%         2    ##.....
 Force Lance              Conj/Tloc      ###.....     21%         4    ####...
 Bolt of Magma            Conj/Fire/Erth ####......   26%         5    ######.
 Animate Dead             Necr           N/A          34%         4    ####...
 Gell's Gravitas          Tloc           #.........   36%         3    ###....
 Recall                   Summ/Tloc      N/A          36%         3    ###....
 Bolt of Fire             Conj/Fire      #####.....   36%         6    #######
 Leda's Liquefaction      Hex/Erth       ##........   43%         4    ####...
 Passage of Golubria      Tloc           N/A          78%         4    ####...
 Silence                  Hex/Air        ##........   78%         5    ######.
 Yara's Violent Unravell  Hex/Tmut       ##........   78%         5    ######.
 Borgnjor's Vile Clutch   Necr/Erth      #.........   88%         5    ######.
 Darkness                 Hex            ###.......   95%         6    #######
 Invisibility             Hex            ###.....     95%         6    #######
 Iron Shot                Conj/Erth      ###.......   97%         6    #######
 Lee's Rapid Deconstruct  Erth           #.........   98%         5    ######.
 Death Channel            Necr           ###.......   99%         6    #######
 Deflect Missiles         Chrm/Air       ###.......   99%         6    #######
 Dispersal                Tloc           #.........   100%        6    #######
 Simulacrum               Ice/Necr       #.........   100%        6    #######
 Statue Form              Tmut/Erth      #........    100%        6    #######
 Controlled Blink         Tloc           N/A          100%        8    #######
 Discord                  Hex            ###.......   100%        8    #######
 Disjunction              Tloc           #.........   100%        8    #######
 Shatter                  Erth           #.........   100%        9    #######


Dungeon Overview and Level Annotations

Branches:
Dungeon (15/15)            Temple (1/1) D:6            Lair (6/6) D:10
  Swamp (2/4) Lair:2        Snake (0/4) Lair:2        Slime (0/5) Lair:6
    Orc (2/2) D:10            Elf (0/3) Orc:2        Vaults (0/5) D:13
 Depths (0/5) D:15

Altars:
Ashenzari
Cheibriados
Dithmenos
Elyvilon
Fedhas
Gozag
Hepliaklqana
Kikubaaqudgha
Makhleb
Nemelex Xobeh
Okawaru
Qazlal
Ru
Sif Muna
Trog
Uskayaw
Vehumet
Wu Jian
Xom
Yredelemnul
Zin
The Shining One
Beogh

Shops:
D:6 ?   D:11 [   D:12 [   Orc:2 *(([*

Annotations:
D:10 3 runed translucent doors, Daviar's ghost, journeyman DsGl; Yermak's ghost, journeyman DDFi; Yzxunnie's ghost, journeyman OgBe; grouchysmurf's ghost, journeyman OgBe
D:15 exclusion: 2 doors, Jorgrun
Lair:6 exclusion: oklob plant
Swamp:2 1 transporter


Innate Abilities, Weirdness & Mutations

You can breathe blasts of scalding, opaque steam.
Your pale cyan-grey scales are hard. (AC +9)
You cannot fit into any form of body armour.
You are cold-blooded and may be slowed by cold attacks.


Message History

The alligator is lightly wounded.
The alligator is engulfed in a cloud of scalding steam.
The alligator bites you!!
* * * LOW HITPOINT WARNING * * *
You block the alligator's attack.
As you read the scroll of fear, it crumbles to dust.
You assume a fearsome visage.
The tyrant leech looks frightened!
The alligator looks frightened!
You catch the helpless alligator completely off-guard!
You hit the alligator but do no damage.
The alligator appears confused.
Your attack snaps the alligator out of its fear.
You tail-slap the alligator, but do no damage.
The alligator is moderately wounded.
The alligator is engulfed in a cloud of scalding steam.
The alligator misses you. The alligator completely misses you.
The tyrant leech is engulfed in a cloud of scalding steam.
You hit the alligator. You burn the alligator.
The alligator is moderately wounded.
The alligator bites you!!
You die...

..≈≈.♣ ♣♣.≈≈≈≈.♣♣≈...#
...≈.♣ ♣≈.≈.≈≈≈.♣♣♣♣♣#
♣.....≈≈≈♣♣♣ ♣♣........≈♣
♣≈≈♣♣≈♣♣≈..♣ ♣♣♣♣♣♣ ♣♣♣≈♣
♣♣♣♣♣≈♣♣ ♣♣≈♣ ≈.
♣♣♣.≈≈≈≈≈♣♣♣♣≈≈♣♣♣♣♣# ..≈
♣≈♣≈≈w≈§@≈♣♣........#
..≈≈♣.≈♣..≈§t♣♣♣.≈≈..≈≈.♣
t≈.≈♣.......♣♣≈≈.....≈≈.♣
.≈♣≈≈≈≈≈...≈♣♣.......≈≈≈.
≈≈.≈≈≈≈≈..♣...♣♣>.♣.≈≈≈≈≈
♣♣.≈≈≈≈§..§≈≈≈.♣≈♣♣♣♣..≈≈
♣≈..≈....§†≈≈≈..♣♣ ..≈≈
♣♣♣♣♣♣♣♣♣♣.≈≈≈..♣ ≈..
♣♣....≈♣


You could see an alligator (confused) and a tyrant leech (fleeing).

Vanquished Creatures
  An orc warlord (Orc:1)
  A stone giant (Orc:1)
  Nessos (Orc:2)
  Josephine (D:10)
  An ettin (D:12)
  The ghost of EnegeticOcto the Pandemonic, a journeyman DDFi of Makhleb (Lair:2)
  Fannar (Lair:1)
  5 hydras
  A yaktaur captain (D:13)
  A catoblepas (D:10)
  A shambling mangrove (Swamp:1)
  7 alligators
  5 centaur warriors
  2 two-headed ogres
  A deep troll earth mage (D:12)
  2 tengu warriors
  4 orc high priests
  2 unseen horrors
  A wizard (D:15)
  2 swamp dragons (Swamp:1)
  6 orc sorcerers
  7 orc knights
  7 cyclopes
  6 ugly things
  2 manticores
  2 elephants
  Joseph (D:8)
  6 black mambas
  12 spiny frogs
  A spiny frog (shapeshifter) (D:15)
  2 gargoyles
  2 rime drakes (Lair:4)
  8 komodo dragons
  A komodo dragon (shapeshifter) (D:13)
  A yaktaur (D:13)
  A freezing wraith (D:10)
  3 kobold demonologists
  2 efreet
  2 tengu conjurers
  13 trolls
  2 tyrant leeches
  2 polar bears
  12 hornets
  9 slime creatures
  12 blink frogs
  Prince Ribbit (D:7)
  3 bog bodies
  A meliai zombie (D:15)
  15 dream sheep
  8 hippogriffs
  5 spriggans
  3 shadows
  29 yaks
  3 wyverns
  A human (D:11)
  2 vampires
  6 wraiths
  4 hogs (D:11)
  13 basilisks
  8 hungry ghosts
  10 vampire mosquitoes
  6 swamp worms
  2 wargs (Orc:2)
  3 insubstantial wisps (Swamp:2)
  4 nagas (Lair:2)
  An acid dragon (D:15)
  Menkaure (D:4)
  15 water moccasins
  6 porcupines
  A swamp drake (Lair:2)
  5 sky beasts
  A hornet zombie (D:14)
  2 black bears (D:7)
  6 ice beasts
  3 phantoms
  22 orc warriors
  15 ogres
  An eye of draining (D:11)
  11 wolves
  A necrophage (D:12)
  A wolf (shapeshifter) (D:10)
  21 centaurs
  11 crocodiles
  4 big kobolds
  18 bullfrogs
  A gnoll sergeant (D:6)
  5 scorpions
  5 killer bees
  3 wights (D:9)
  A howler monkey (D:3)
  An electric eel (Lair:2)
  4 bullfrog zombies
  2 centaur zombies
  3 crimson imps
  4 jellies
  22 orc priests
  A bullfrog skeleton (D:8)
  7 centaur skeletons
  7 hounds
  20 orc wizards
  4 iguanas
  3 hell rats (D:6)
  11 worker ants
  A hound skeleton (D:6)
  A howler monkey zombie (D:6)
  Robin (D:4)
  5 gnolls (D:6)
  3 howler monkey skeletons
  4 river rats (D:6)
  13 adders
  2 shadow imps
  2 oozes
  An adder skeleton (D:5)
  5 worms
  3 dart slugs
  4 leopard geckos
  66 orcs
  4 bats
  6 giant cockroaches
  20 goblins
  14 hobgoblins
  19 jackals
  4 quokkas
  A ball python (D:2)
  5 frilled lizards
  A jackal skeleton (D:4)
  22 kobolds
  2 leopard gecko skeletons
  A quokka skeleton (D:8)
  23 rats
  A fungus (Lair:2)
774 creatures vanquished.

Vanquished Creatures (others)
  A centaur warrior (D:10)
  A yaktaur (D:13)
  A troll (D:13)
  An electric eel (D:13)
  An orc (D:9)
  10 fungi
  6 plants (Lair:6)
  53 spectral weapons
74 creatures vanquished.

Grand Total: 848 creatures vanquished

Notes
Turn   | Place    | Note
-------+----------+-------------------------------------------
     0 | D:1      | Matador8 the Draconian Skald began the quest for the Orb.
     0 | D:1      | Reached XP level 1. HP: 17/17 MP: 3/3
   289 | D:1      | Reached XP level 2. HP: 24/24 MP: 1/5
   744 | D:2      | Reached XP level 3. HP: 29/29 MP: 4/6
   755 | D:2      | Reached skill level 3 in Polearms
  1008 | D:2      | Learned a level 3 spell: Regeneration
  1389 | D:2      | Reached skill level 1 in Necromancy
  1390 | D:2      | Reached XP level 4. HP: 22/36 MP: 1/7
  1395 | D:2      | Learned a level 3 spell: Spectral Weapon
  1930 | D:3      | Found a radiant altar of Vehumet.
  1975 | D:3      | Reached skill level 1 in Hexes
  1975 | D:3      | Reached XP level 5. HP: 41/41 MP: 2/8
  1992 | D:3      | Found a sparkling altar of Nemelex Xobeh.
  2827 | D:4      | Noticed an ogre
  2901 | D:4      | Noticed a phantom
  3063 | D:4      | Killed a phantom
  3063 | D:4      | Reached skill level 4 in Polearms
  3063 | D:4      | Reached XP level 6. HP: 45/48 MP: 4/9
  3233 | D:4      | Noticed Menkaure
  3572 | D:4      | Reached skill level 5 in Polearms
  3592 | D:4      | Found an ornate altar of the Wu Jian Council.
  3803 | D:5      | Entered Level 5 of the Dungeon
  3815 | D:5      | Your scales start taking on a pale cyan-grey colour.
  3815 | D:5      | Reached XP level 7. HP: 36/55 MP: 7/10
  3953 | D:5      | Reached skill level 5 in Charms
  4021 | D:5      | Found a basalt altar of Yredelemnul.
  4666 | D:4      | Killed Menkaure
  4666 | D:4      | Reached XP level 8. HP: 61/66 MP: 8/12
  4813 | D:4      | Reached skill level 6 in Polearms
  4814 | D:4      | Found a hide-covered altar of Uskayaw.
  4831 | D:4      | Noticed Robin
  4840 | D:4      | Killed Robin
  5189 | D:5      | HP: 2/67 [orc priest/divine providence (10)]
  6396 | D:6      | Reached skill level 7 in Polearms
  6621 | D:6      | Found Fiexuf's Magic Scroll Shoppe.
  6626 | D:6      | Bought a scroll of teleportation for 30 gold pieces
  6626 | D:6      | Bought a scroll of enchant armour for 75 gold pieces
  6626 | D:6      | Bought a scroll of identify for 20 gold pieces
  6626 | D:6      | Bought a scroll of identify for 20 gold pieces
  7040 | D:6      | Reached XP level 9. HP: 49/73 MP: 5/13
  7173 | D:6      | Found a staircase to the Ecumenical Temple.
  7181 | Temple   | Entered the Ecumenical Temple
  7236 | Temple   | Became a worshipper of Zin the Law-Giver
  7236 | Temple   | Reached * piety under Zin
  7253 | D:6      | Donated 158 gold pieces to Zin
  7363 | D:6      | Reached skill level 1 in Invocations
  7481 | D:6      | Found the +2 ratskin cloak {+Rats rPois rN+ Str-1 Int-1
                  | Dex+1}
  7786 | D:7      | Reached ** piety under Zin
  7829 | D:7      | Found a shimmering blue altar of Sif Muna.
  7829 | D:7      | Found a hazy altar of Hepliaklqana.
  7833 | D:7      | Found a shimmering altar of Xom.
  7833 | D:7      | Found an ancient bone altar of Kikubaaqudgha.
  7833 | D:7      | Found an iron altar of Okawaru.
  7833 | D:7      | Found a glowing golden altar of the Shining One.
  7862 | D:7      | Reached skill level 8 in Polearms
  7882 | D:7      | Found a bloodstained altar of Trog.
  7988 | D:7      | Noticed Prince Ribbit
  8027 | D:7      | Killed Prince Ribbit
  8263 | D:7      | Found a burning altar of Makhleb.
  8263 | D:7      | Noticed a green death
  8589 | D:8      | Reached skill level 9 in Polearms
  8817 | D:8      | Reached *** piety under Zin
  8930 | D:8      | Noticed Joseph
  8946 | D:8      | Killed Joseph
  9110 | D:8      | Reached skill level 5 in Invocations
  9113 | D:8      | Reached skill level 10 in Polearms
  9892 | D:9      | Reached XP level 10. HP: 80/80 MP: 10/14
 10646 | D:9      | Reached skill level 11 in Polearms
 11551 | D:9      | Identified the cursed +0 hand crossbow of Integrity {venom,
                  | Dex+3}
 11563 | D:9      | Reached skill level 12 in Polearms
 11714 | D:9      | Reached **** piety under Zin
 11923 | D:9      | Noticed a death knight
 12208 | D:10     | Entered Level 10 of the Dungeon
 12212 | D:10     | Found a staircase to the Orcish Mines.
 12248 | D:10     | Paralysed by a hornet for 3 turns
 12544 | D:10     | Noticed a tengu warrior
 12544 | D:10     | Noticed a centaur warrior
 12558 | D:10     | Killed a centaur warrior
 12558 | D:10     | Reached XP level 11. HP: 78/85 MP: 12/16
 12578 | D:10     | Noticed a catoblepas
 12599 | D:10     | Killed a catoblepas
 12599 | D:10     | Reached skill level 13 in Polearms
 12876 | D:10     | Noticed a five-headed hydra
 13213 | D:9      | Zin protects you from harm!
 14104 | D:10     | Killed a tengu warrior
 14104 | D:10     | Reached skill level 1 in Evocations
 14306 | D:10     | Noticed Josephine
 14378 | D:10     | Killed Josephine
 14547 | D:10     | Found a staircase to the Lair.
 14571 | D:10     | Reached skill level 14 in Polearms
 14967 | D:10     | Found a runed translucent gate.
 14967 | D:10     | Found a runed translucent gate.
 14967 | D:10     | Noticed Yzxunnie's ghost (journeyman OgBe)
 14967 | D:10     | Noticed Yermak's ghost (journeyman DDFi)
 14968 | D:10     | Found a runed translucent gate.
 14968 | D:10     | Noticed grouchysmurf's ghost (journeyman OgBe)
 14968 | D:10     | Noticed Daviar's ghost (journeyman DsGl)
 15016 | Lair:1   | Entered Level 1 of the Lair of Beasts
 15572 | Lair:1   | Noticed Fannar
 15609 | Lair:1   | Killed Fannar
 16385 | Lair:2   | Found an ornate altar of the Wu Jian Council.
 16555 | Lair:2   | Reached skill level 15 in Polearms
 16754 | Lair:2   | Found a staircase to the Snake Pit.
 17294 | Lair:2   | Reached XP level 12. HP: 93/93 MP: 17/17
 17466 | Lair:2   | Found a runed translucent door.
 17468 | Lair:2   | Noticed EnegeticOcto's ghost (journeyman DDFi)
 17475 | Lair:2   | Noticed a four-headed hydra
 17480 | Lair:2   | Killed a four-headed hydra
 18964 | Lair:3   | Reached skill level 16 in Polearms
 19112 | Lair:3   | Noticed an eight-headed hydra
 19121 | Lair:3   | Killed an eight-headed hydra
 19121 | Lair:3   | Reached skill level 5 in Fighting
 19393 | Lair:3   | Noticed a seven-headed hydra
 19514 | Lair:3   | Killed a seven-headed hydra
 19831 | Lair:3   | Noticed a four-headed hydra
 19835 | Lair:3   | Killed a four-headed hydra
 22209 | Lair:5   | Reached XP level 13. HP: 55/108 MP: 15/19
 22491 | Lair:5   | Found a sparkling altar of Nemelex Xobeh.
 22897 | Lair:6   | Entered Level 6 of the Lair of Beasts
 22960 | Lair:6   | Reached ***** piety under Zin
 24205 | Lair:6   | Reached skill level 5 in Dodging
 25227 | Lair:6   | Found a staircase to the Slime Pits.
 25890 | D:10     | Identified a +1 pair of boots of running (You found it on
                  | level 10 of the Dungeon)
 26028 | D:10     | Reached skill level 10 in Fighting
 26123 | D:10     | Identified the Collected Works on Heat
 26131 | D:10     | Learned a level 5 spell: Fireball
 26425 | D:11     | Reached skill level 1 in Fire Magic
 26647 | D:11     | Reached skill level 1 in Conjurations
 27731 | D:11     | Found Umai's Antique Armour Boutique.
 28043 | D:12     | Found Azyuw's Antique Armour Shoppe.
 28125 | D:11     | Reached XP level 14. HP: 101/121 MP: 14/20
 28449 | Orc:1    | Entered Level 1 of the Orcish Mines
 28449 | Orc:1    | Found a roughly hewn altar of Beogh.
 28631 | Orc:1    | Noticed a stone giant
 29001 | Orc:1    | Killed a stone giant
 29361 | Orc:2    | Entered Level 2 of the Orcish Mines
 29458 | Orc:2    | Noticed Nessos
 29714 | Orc:1    | Reached skill level 5 in Hexes
 30219 | Orc:2    | Killed Nessos
 30238 | Orc:2    | Found a staircase to the Elven Halls.
 30587 | Orc:2    | Found Xinir's Assorted Antiques.
 30625 | Orc:2    | Noticed an orc warlord
 30695 | Orc:1    | Killed an orc warlord
 30930 | Orc:2    | Reached skill level 5 in Fire Magic
 31329 | Orc:2    | Found Gemoph's General Store.
 31372 | Orc:2    | Reached skill level 5 in Conjurations
 31448 | Orc:2    | Paralysed by an orc sorcerer for 6 turns
 31677 | Orc:2    | Paralysed by an orc sorcerer for 6 turns
 32623 | Orc:2    | Found Xomm's Armour Shoppe.
 32624 | Orc:2    | Found Nuentynn's Antique Weapon Shop.
 32624 | Orc:2    | Found Ducesoes's Weapon Shop.
 32644 | Orc:2    | Bought a ration for 85 gold pieces
 32677 | Orc:2    | Bought a scroll of identify for 34 gold pieces
 32677 | Orc:2    | Bought a scroll of identify for 34 gold pieces
 32677 | Orc:2    | Bought a scroll of magic mapping for 59 gold pieces
 32849 | D:12     | Bought a pair of embroidered gloves for 210 gold pieces
 35363 | D:13     | Found a gate to the Vaults.
 36871 | D:15     | Entered Level 15 of the Dungeon
 36871 | D:15     | Noticed Jorgrun
 36919 | D:15     | Learned a level 1 spell: Confusing Touch
 36985 | D:15     | Reached XP level 15. HP: 103/126 MP: 21/21
 37511 | D:15     | Reached skill level 10 in Fire Magic
 37636 | D:15     | Reached skill level 1 in Stealth
 38201 | D:15     | Found a shimmering blue altar of Sif Muna.
 38463 | Lair:2   | Killed EnegeticOcto's ghost
 38559 | Lair:2   | Found a staircase to the Swamp.
 39001 | Swamp:1  | Entered Level 1 of the Swamp
 39473 | Swamp:1  | Reached skill level 5 in Evocations
 40312 | Swamp:1  | Reached skill level 10 in Invocations
 41738 | Swamp:2  | Found a transporter.
 42337 | Swamp:2  | Slain by an alligator

Levels and vault maps discovered:
D:1:      grunt_arrival_lava_bath, layout_basic, roderic_roman_lattice
D:2:      layout_basic
D:3:      cheibrodos_greedy_goblins, layout_basic,
          nicolae_overflow_crystal_walls, nemelex_altar_shiori
D:4:      layout_cave_pools, lemuel_round_altar, eat_drink_and_be_merry_uskayaw,
          kennysheep_generic_room_3, uniq_robin, uniq_menkaure
D:5:      layout_layer_cave, nicolae_overflow_hidden_temple, first_ration
D:6:      wander_guarded_unrand_ratskin, layout_loops_ring, temple_statues,
          serial_shops, kennysheep_little_box, chequers_garden
D:7:      layout_rooms, grunt_temple_overflow_open, trog_ov_bears_minmay,
          makhleb_altar_promises_db, uniq_prince_ribbit1
D:8:      minmay_recursive_quarters, layout_loops_corners, serial_glass,
          glass_columns_a, glass_columns_a, uniq_joseph
D:9:      minmay_the_grid_octo_tiled_octocenter [minmay_the_grid_octo_clover,
          minmay_the_grid_octo_focus, minmay_the_grid_octo_thin_diamonds,
          minmay_the_grid_octo_concentric,
          minmay_the_grid_octo_prize_ultimate_mussel_roller,
          minmay_the_grid_square_5x5_misaligned,
          minmay_the_grid_square_5x5_half_checkered,
          minmay_the_grid_square_5x5_inner_v,
          minmay_the_grid_square_5x5_corner], layout_loops_ring
D:10:     minmay_tri_box, layout_loops_ring, david_lair_generic, orc_0_dummy,
          gammafunk_ghost_cemetery, uniq_josephine
D:11:     layout_stronghold, serial_shops, nicolae_shop_crystal, grunt_livestock
D:12:     minmay_mutant_horseshoe, layout_layer_cave, serial_shops, shop
D:13:     layout_basic, david_vaults_2, lemuel_freeze_loot_1
D:14:     layout_gridville
D:15:     grunt_enter_depths_magical_seal, layout_loops_ring, lemuel_tele_altar,
          uniq_jorgrun
Temple:   eino_temple_lava
Lair:1:   layout_cave_pods, grunt_forest_stairs_basic, uniq_fannar
Lair:2:   layout_loops_ring, nicolae_swamp_entry_splash_gauntlet,
          minmay_snake_entry_guardpost_medium, ebering_ghost_inner_flame,
          lemuel_centaur_altar
Lair:3:   layout_hall_layers, grunt_megastairs_4
Lair:4:   layout_regular_city, portal_ice_cave_rime,
          hangedman_lair_generics_rect
Lair:5:   layout_regular_city, gauntlet_entry_generic, basic_altar,
          kennysheep_basilisk_garden
Lair:6:   cheibrodos_lair_end_hotspot, layout_loops_ring,
          dpeg_slime_entry_corner
Swamp:1:  layout_basic_swamp, evilmike_swamp_ruin_rubble_1, swamp_pool3,
          infiniplex_staircase_pool
Swamp:2:  gammafunk_its_a_trap, layout_basic_swamp, evilmike_swamp_ruin_house_6,
          nicolae_swamp_trees_clearing
Orc:1:    layout_caves, basic_altar
Orc:2:    st_orc_elflike, layout_caves, serial_shops, nicolae_shop_behind_doors,
          uniq_nessos

Skill      XL: |  1  2  3  4  5  6  7  8  9 10 11 12 13 14 15 |
---------------+----------------------------------------------+-----
Charms         | 3 4 5 6 7 |  7.8
Polearms       | 3 4 5 7 10 12 15 16 | 16.0
Necromancy     | 1 2 3 |  3.1
Hexes          | 1 2 3 4 5 |  5.0
Spellcasting   | 3 |  3.0
Fighting       | 3 4 8 10 | 10.0
Invocations    | 5 6 9 10 | 10.7
Evocations     | 3 5 |  5.0
Dodging        | 3 6 8 |  8.0
Fire Magic     | 3 9 10 | 10.0
Conjurations   | 2 8 9 |  9.2
Stealth        | 3 |  3.6

Action                   |  1- 3 |  4- 6 |  7- 9 | 10-12 | 13-15 || total
-------------------------+-------+-------+-------+-------+-------++-------
Melee: Spear             |   117 |    28 |       |       |       ||   145
       Tailslap          |     6 |    18 |    35 |    55 |   154 ||   268
       Trident           |       |   171 |   427 |    72 |       ||   670
       Halberd           |       |       |       |   358 |   871 ||  1229
       Glaive            |       |       |       |    84 |   500 ||   584
 Cast: Infusion          |    19 |    16 |     2 |     1 |       ||    38
       Spectral Weapon   |       |    12 |    54 |    86 |   106 ||   258
       Regeneration      |       |     2 |     9 |       |       ||    11
       Confusing Touch   |       |       |       |       |    46 ||    46
       Fireball          |       |       |       |       |     8 ||     8
Invok: Recite            |       |       |     3 |     8 |    20 ||    31
       Donate Gold       |       |       |     1 |     1 |       ||     2
       Vitalisation      |       |       |       |     8 |    32 ||    40
       Imprison          |       |       |       |     3 |     4 ||     7
       Sanctuary         |       |       |       |       |     1 ||     1
 Abil: Breathe Steam     |       |       |    12 |    59 |   118 ||   189
       Evoke Ratskin     |       |       |       |     2 |       ||     2
Evoke: Wand              |       |       |       |    15 |     8 ||    23
       Fan of gales      |       |       |       |       |     1 ||     1
  Use: Scroll            |       |     3 |     6 |    18 |    14 ||    41
       Potion            |       |       |     3 |    18 |     8 ||    29
 Stab: Sleeping          |     2 |       |     3 |       |     4 ||     9
       Distracted        |       |       |     2 |     2 |     6 ||    10
       Invisible         |       |       |       |       |     8 ||     8
       Confused          |       |       |       |       |    27 ||    27
       Paralysed         |       |       |       |       |     2 ||     2
       Fleeing           |       |       |       |       |     1 ||     1
  Eat: Chunk             |     2 |    11 |    22 |    28 |    27 ||    90
       Ration            |       |       |     2 |     8 |    19 ||    29
Armor: Skin              |    24 |    57 |    73 |   153 |   267 ||   574
Dodge: Dodged            |    54 |   134 |   173 |   289 |   936 ||  1586
Block: Other             |       |       |    12 |    45 |   124 ||   181
       Reflection        |       |       |     1 |     1 |    19 ||    21
